 Dungeon Crawl Stone Soup version 0.18.1-48-g4cf74bf (webtiles) character file.

631 PossumBlood the Archer (level 7, -4/45 HPs)
             Began as a High Elf Hunter on Aug 13, 2016.
             Was an Initiate of Okawaru.
             Slain by an ogre
             ... wielding a cursed -3 giant spiked club
              (20 damage)
             ... on level 4 of the Dungeon.
             The game lasted 00:12:03 (3814 turns).

PossumBlood the Archer (High Elf Hunter)            Turns: 3814, Time: 00:12:03

Health: -4/45      AC:  5    Str: 11    XL:     7   Next: 24%
Magic:  8/8        EV: 12    Int: 15    God:    Okawaru [......]
Gold:   109        SH:  0    Dex: 18    Spells: 0 memorised, 6 levels left

rFire  . . .     SeeInvis .     b - +0 short sword
rCold  . . .     Gourm    .     c - +0 leather armour
rNeg   . . .     Faith    .     (no shield)
rPois  .         Spirit   .     (no helmet)
rElec  .         Dismiss  .     j - +1 cloak
rCorr  +         Reflect  .     (no gloves)
SustAt .         Harm     .     (no boots)
MR     .....                    (no amulet)
Stlth  ++........               (no ring)
                                k - ring of resist corrosion

@: not resistant to hostile enchantments, unstealthy
A: no striking features
a: Renounce Religion


You were on level 4 of the Dungeon.
You worshipped Okawaru.
Okawaru was noncommittal.
You were hungry.

You visited 1 branch of the dungeon, and saw 4 of its levels.

You collected 109 gold pieces.

Inventory:

Hand Weapons
 a - a +3 shortbow
 b - a +0 short sword (weapon)
Armour
 c - a +0 leather armour (worn)
 j - a +1 cloak (worn)
Jewellery
 k - a ring of resist corrosion (left hand)
 v - an uncursed amulet of harm
Potions
 g - 6 potions of flight
 l - a potion of magic {unknown}
 m - a potion of cancellation {unknown}
 s - a potion of brilliance {unknown}
 w - a potion of curing {unknown}
 x - 2 potions of haste
Books
 y - a book of Summonings

   Spells                             Type                      Level
   a - Recall                         Summoning/Translocation      3
   b - Aura of Abjuration             Summoning                    5
   c - Summon Demon                   Summoning                    5
   d - Summon Forest                  Summoning/Translocation      5
   e - Summon Mana Viper              Hexes/Summoning              5
   f - Shadow Creatures               Summoning                    6
Miscellaneous
 p - a plain deck of wonders
Comestibles
 f - 2 bread rations
 r - 4 meat rations


   Skills:
 - Level 2.0 Fighting
 * Level 11.4 Bows
 - Level 2.1 Dodging
 - Level 1.1 Stealth


You had 6 spell levels left.
You didn't know any spells.

Dungeon Overview and Level Annotations

Branches:
Dungeon (4/15)
 Temple: D:4-7

Altars:
Ashenzari
Gozag
Makhleb
Nemelex Xobeh
Okawaru
Xom
Zin


Message History

The ogre is moderately wounded.
The ogre barely misses you.
You hit the ogre.
The ogre is moderately wounded.
The ogre hits you with a giant spiked club!!
You hit the ogre.
The ogre is heavily wounded.
You hit the ogre.
The ogre is heavily wounded.
The ogre barely misses you.
You barely miss the ogre.
The ogre is heavily wounded.
The ogre closely misses you.
You barely miss the ogre.
The ogre is heavily wounded.
The ogre closely misses you.
You hit the ogre.
The ogre is severely wounded.
The ogre hits you with a giant spiked club!!
You die...

##.....#.### ... ##
............... ..
......(#.#.#..# .#
.........#.##.# $#
##.......##.##.# .# #
#...##.....(.###.### # ..#
##.#..#.....# #### ..#
#.O..)......# ...# ####..##
#.@.........# .#.###......#
#...#.#.....#
.#..........###...#.......#
...###........#...##......#
##.###.........#.####.....#
#....#.........†#
#.....#######
####.#..........##
#............
#.............#
###..########
###.........#. #..# #


You could see an ogre.

Vanquished Creatures
  The ghost of PossumBlood the Archer, an amateur HEHu (D:3)
  An ogre (D:4)
  A scorpion (D:4)
  A howler monkey (D:4)
  A hound (D:3)
  An iguana (D:4)
  A worker ant (D:4)
  7 adders
  3 gnolls (D:4)
  A howler monkey skeleton (D:4)
  3 river rats (D:4)
  3 worms
  An adder skeleton (D:4)
  A dart slug (D:2)
  A giant gecko (D:3)
  5 orcs
  5 bats
  6 giant cockroaches
  4 goblins
  5 hobgoblins
  7 jackals
  9 kobolds
  2 quokkas (D:3)
  A ball python (D:4)
  2 giant newts (D:2)
  A quokka skeleton (D:4)
  5 rats
79 creatures vanquished.

Notes
Turn   | Place    | Note
--------------------------------------------------------------
     0 | D:1      | PossumBlood the High Elf Hunter began the quest for the Orb.
     0 | D:1      | Reached XP level 1. HP: 14/14 MP: 2/2
   106 | D:1      | Reached XP level 2. HP: 19/19 MP: 3/3
   219 | D:1      | Reached skill level 6 in Bows
   780 | D:2      | Reached XP level 3. HP: 24/24 MP: 4/4
   905 | D:2      | Found a sparkling altar of Nemelex Xobeh.
  1010 | D:2      | Reached skill level 7 in Bows
  1085 | D:2      | Found a shattered altar of Ashenzari.
  1294 | D:2      | Found a shimmering altar of Xom.
  1510 | D:3      | Noticed PossumBlood's ghost (amateur HEHu)
  1530 | D:3      | Killed PossumBlood's ghost
  1530 | D:3      | Reached skill level 9 in Bows
  1530 | D:3      | Reached XP level 4. HP: 16/29 MP: 5/5
  1530 | D:3      | Reached XP level 5. HP: 19/34 MP: 6/6
  1798 | D:3      | Found a glowing silver altar of Zin.
  1968 | D:3      | Found an iron altar of Okawaru.
  1971 | D:3      | Became a worshipper of Warmaster Okawaru
  2006 | D:3      | Reached XP level 6. HP: 39/39 MP: 7/7
  2031 | D:3      | Found an opulent altar of Gozag.
  2644 | D:3      | Found a burning altar of Makhleb.
  2786 | D:4      | Reached skill level 10 in Bows
  3031 | D:4      | Reached XP level 7. HP: 38/45 MP: 8/8
  3375 | D:4      | Found a glowing drain.
  3403 | D:4      | Reached skill level 11 in Bows
  3648 | D:4      | Found a shattered altar of Ashenzari.
  3814 | D:4      | Slain by an ogre

Skill      XL: |  1  2  3  4  5  6  7 |
---------------+----------------------+-----
Bows           | 6 9 10 11 | 11.4
Fighting       | |  2.0
Dodging        | |  2.1
Stealth        | |  1.1

Action                   |  1- 3 |  4- 6 |  7- 9 || total
-------------------------+-------+-------+-------++-------
Melee: Short sword       |       |    32 |   102 ||   134
 Fire: Shortbow          |   118 |   105 |       ||   223
  Use: Scroll            |       |     9 |     1 ||    10
       Potion            |       |     1 |     3 ||     4
  Eat: Bread ration      |     1 |       |       ||     1
       Fruit             |       |     2 |       ||     2
       Royal jelly       |       |       |     1 ||     1
Armor: Leather armour    |     9 |    17 |    35 ||    61
       Skin              |       |       |    21 ||    21
Dodge: Dodged            |    24 |    36 |    53 ||   113
